 Dungeon Crawl Stone Soup version 0.28-a0-1555-g9ae15a6949 (webtiles) character file.

Game seed: 7653125663636144781

177 HallandMoats the Skirmisher (level 5, -1/46 HPs)
             Began as a Ghoul Monk on Jan 19, 2022.
             Was an Initiate of Yredelemnul.
             Killed from afar by Natasha (3 damage)
             ... with a puff of flame
             ... on level 3 of the Dungeon.
             The game lasted 00:02:41 (2351 turns).

HallandMoats the Skirmisher (Ghoul Monk)            Turns: 2351, Time: 00:02:41

Health: -1/46      AC:  7    Str: 17    XL:     5   Next: 57%
Magic:  4/4        EV: 11    Int:  5    God:    Yredelemnul [......]
Gold:   108        SH:  0    Dex: 11    Spells: 4/4 levels left

rFire   . . .      SeeInvis .   a - +0 hand axe
rCold   + . .      Faith    .   (no shield)
rNeg    + + +      Spirit   .   c - +0 ring mail
rPois   ∞          Reflect  .   (no helmet)
rElec   .          Harm     .   i - +0 cloak
rCorr   .          Rampage  .   (no gloves)
Will    .....                   f - +0 pair of boots
Stlth   +.........              (no amulet)
HPRegen 0.00/turn               (no ring)
MPRegen 0.09/turn               (no ring)

@: inhibited regen
A: claws 1, cold resistance 1, negative energy resistance 3, inhibited
regeneration, torment resistance 2
a: Renounce Religion, Recall Undead Harvest


You were on level 3 of the Dungeon.
You worshipped Yredelemnul.
Yredelemnul was noncommittal.
You visited 1 branch of the dungeon, and saw 3 of its levels.

You collected 108 gold pieces.

Inventory:

Hand Weapons
 a - a +0 hand axe (weapon)
Armour
 c - a +0 ring mail (worn)
 f - a +0 pair of boots (worn)
 i - a +0 cloak (worn)
Scrolls
 e - a scroll of blinking {unknown}
 j - a scroll of fear {unknown}
 k - 3 scrolls of identify {unknown}
 l - 4 scrolls of teleportation {unknown}
Potions
 b - 2 potions of haste {unknown}
 d - a potion of attraction {unknown}
 g - a potion of flight {unknown}
 h - 2 potions of cancellation {unknown}


   Skills:
 + Level 4.1 Fighting
 * Level 4.0 Axes
 + Level 1.9 Armour
 + Level 3.4 Dodging
 - Level 2.1 Stealth


You had 4 spell levels left.
You didn't know any spells.
Your spell library contained the following spells:

 Spells                   Type           Power      Damage    Failure   Level
 Gell's Gravitas          Tloc           0%         N/A       96%         3
 Lesser Beckoning         Tloc           0%         N/A       96%         3
 Teleport Other           Tloc           0%         N/A       96%         3


Dungeon Overview and Level Annotations

Branches:
Dungeon (3/15)

Altars:
Fedhas
Yredelemnul

Annotations:
D:3 Natasha


Innate Abilities, Weirdness & Mutations

You thrive by killing the living.
You are immune to poison.
You have sharp fingernails.
Your flesh is cold resistant. (rC+)
You are immune to negative energy. (rN+++)
You do not regenerate when monsters are visible.
You are immune to unholy pain and torment.


Message History

The puff of flame hits you!
* * * LOW HITPOINT WARNING * * *
Unknown command.
The white imp hits your quokka zombie.
Your quokka zombie is destroyed!
Natasha zaps a wand.
The puff of flame hits your giant cockroach zombie!
Your giant cockroach zombie is destroyed!
Unknown command.
The white imp gestures at you.
The puff of frost hits you but does no damage.
Natasha casts a spell.
The crimson imp shouts!
The white imp closely misses you. Natasha claws you but does no damage.
You hit Natasha.
Natasha is heavily wounded.
You hit the white imp. You hit the crimson imp. The white imp misses you.
Natasha stares at you and mumbles some strange words.
The magic dart hits you.
* * * LOW HITPOINT WARNING * * *
The white imp hits you but does no damage.
The crimson imp hits you.
* * * LOW HITPOINT WARNING * * *
You miss Natasha.
Natasha is heavily wounded.
You barely miss the crimson imp. You hit the white imp.
The white imp disappears in a puff of smoke!
Natasha casts a spell at you.
The magic dart hits you but does no damage.
The crimson imp barely misses you.
You completely miss Natasha.
Natasha is heavily wounded.
You miss the crimson imp. Natasha closely misses you.
The crimson imp closely misses you.
You barely miss Natasha.
Natasha is heavily wounded.
You closely miss the crimson imp.
Natasha zaps a wand.
The puff of flame hits you.
You die...
Yredelemnul claims you as an undead slave.

# .# # ##### . #
#Z..# ###. ## #Z###
##... #####
)######Z#
+...#.....#
.##)Z.ZZ#
+..(#.....#
.##Z########
#5h§.....# ....#
#.#####@# ..###
###[....§§# #Z.##
#....##...#
##.Z####.##.##.#.#
###.##.Z.##.#..#.#
# #.#.Z####.#.##.#
###.Z...###...##.#
.....##....#..##.#
...#######.##.##.##


You could see Natasha (strong) and a crimson imp (summoned).

Vanquished Creatures
  Jessica (D:2)
  Natasha (D:3)
  2 adders
  A worm (D:3)
  2 dart slugs (D:2)
  6 ball pythons
  6 endoplasms
  3 giant cockroaches
  8 goblins
  4 hobgoblins (D:1)
  3 quokkas
  5 bats
  2 frilled lizards
  6 kobolds
  2 rats (D:1)
52 creatures vanquished.

Vanquished Creatures (collateral kills)
  Crazy Yiuf (D:2)
  2 adders
  A giant cockroach (D:3)
  2 rats (D:2)
6 creatures vanquished.

Vanquished Creatures (others)
  4 bat zombies
  4 ball python zombies
  A giant cockroach zombie (D:3)
  A goblin zombie (D:3)
  3 kobold zombies
  3 quokka zombies
16 creatures vanquished.

Grand Total: 74 creatures vanquished

Notes
Turn   | Place    | Note
-------+----------+-------------------------------------------
     0 | D:1      | HallandMoats the Ghoul Monk began the quest for the Orb.
     0 | D:1      | Reached XP level 1. HP: 19/19 MP: 0/0
   156 | D:1      | Reached XP level 2. HP: 10/26 MP: 1/1
   913 | D:1      | Reached XP level 3. HP: 31/31 MP: 2/2
  1118 | D:2      | Reached skill level 1 in Armour
  1205 | D:2      | Found a faded altar of an unknown god.
  1210 | D:2      | Found a blossoming altar of Fedhas.
  1216 | D:2      | Prayed at the altar of an unknown god.
  1216 | D:2      | Became a worshipper of Yredelemnul the Dark
  1216 | D:2      | Reached * piety under Yredelemnul
  1216 | D:2      | Reached ** piety under Yredelemnul
  1487 | D:2      | Noticed Jessica
  1497 | D:2      | Killed Jessica
  1498 | D:2      | Reached XP level 4. HP: 40/40 MP: 3/3
  1553 | D:2      | Reached *** piety under Yredelemnul
  1647 | D:2      | Found a runed translucent door.
  1648 | D:2      | Noticed Crazy Yiuf
  1799 | D:2      | Killed Crazy Yiuf
  1800 | D:2      | Reached XP level 5. HP: 46/46 MP: 4/4
  2168 | D:3      | Noticed Natasha
  2174 | D:3      | Killed Natasha
  2325 | D:3      | Noticed Natasha
  2348 | D:3      | HP: 2/46 [crimson imp[Natasha] (2)]
  2351 | D:3      | Killed from afar by Natasha

Illustrated notes

Levels and vault maps discovered:
D:1:      nzn_arrival_crosshair, layout_basic, patterned_corridor
D:2:      layout_rooms, basic_altar, ebering_ecumenical_altar_box,
          uniq_crazy_yiuf_cottage, uniq_jessica
D:3:      layout_rooms, gammafunk_temple_overflow_wave, uniq_natasha

Skill      XL: |  1  2  3  4  5 |
---------------+----------------+-----
Axes           | 3 4 |  4.0
Dodging        | 3 |  3.4
Armour         | 1 |  1.9
Fighting       | 4 |  4.1
Stealth        | |  2.1

Action                   |  1- 3 |  4- 6 || total
-------------------------+-------+-------++-------
Melee: Hand axe          |    92 |    74 ||   166
       Punch             |     2 |     1 ||     3
Armor: Ring mail         |    26 |    31 ||    57
Dodge: Dodged            |    63 |    53 ||   116

Table legend: (Time is in decaauts)
 A = Elapsed time spent in this place.
 B = Non-inter-level travel time spent in this place.
 C = Inter-level travel time spent in this place.
 D = Time resting spent in this place.
 E = Time spent auto-exploring this place.
 F = Levels seen in this place.
 G = Mean time per level.
                   A        B        C        D        E       F      G
               +--------+--------+--------+--------+--------+-----+--------+
         Total |   2372 |   2309 |     63 |    193 |   1644 |   3 |  790.7 |
       Dungeon |   2372 |   2309 |     63 |    193 |   1644 |   3 |  790.7 |
               +--------+--------+--------+--------+--------+-----+--------+

Top non-repeatable levels by time:
     D:1: 1118 daAuts
     D:2: 748 daAuts
     D:3: 505 daAuts
